 Dungeon Crawl Stone Soup version 0.30.0-5-g1a98f26d00 (webtiles) character file.

Game seed: 7802335799666267220

83 tish the Caller (level 4, -5/32 HPs)
             Began as a Barachi Summoner on May 12, 2023.
             Constricted to death by Ijyb (6 damage)
             ... on level 3 of the Dungeon.
             The game lasted 00:09:25 (2377 turns).

tish the Caller (Barachi Summoner)                  Turns: 2377, Time: 00:09:25

Health: -5/32      AC:  2    Str: 11    XL:     4   Next: 44%
Magic:  2/8        EV:  9    Int: 16    God:
Gold:   161        SH:  0    Dex: 12    Spells: 3/9 levels left

rFire   . . .        c - +0 spear
rCold   + . .        (no shield)
rNeg    . . .        a - +0 robe
rPois   .            (no helmet)
rElec   .            l - scarf of Sepop {+Inv, rC+}
rCorr   .            (no gloves)
SInv    +            (no boots)
Will    .....        (no amulet)
Stlth   ++           f - ring of see invisible
HPRegen 0.25/turn    (no ring)
MPRegen 0.11/turn

%: no passive effects
@: grasped by roots, unable to hop, constricted, slow
A: amphibious, slowness 1, strong legs 1, +LOS
a: Hop, Evoke Invisibility


You were on level 3 of the Dungeon.
You visited 1 branch of the dungeon, and saw 3 of its levels.

You collected 161 gold pieces.

Inventory:

Hand Weapons
 c - a +0 spear (weapon)
Missiles
 d - 6 javelins (quivered)
 q - 3 silver javelins
Armour
 a - a +0 robe (worn)
 l - the scarf of Sepop (worn) {+Inv, rC+}
   (You found it on level 2 of the Dungeon)

   rC:        It protects you from cold.
 p - a +0 scale mail
Jewellery
 f - a ring of see invisible (left hand)
Wands
 s - a wand of charming (5)
Scrolls
 g - a scroll of vulnerability
 h - a scroll of teleportation
 m - 4 scrolls of identify
 o - a scroll of fear
 r - a scroll of enchant weapon {unknown}
Potions
 b - a potion of magic
 e - a potion of lignification {unknown}
 i - a potion of degeneration {unknown}
 j - a potion of curing {unknown}
 k - a potion of haste {unknown}
 n - a potion of might {unknown}


   Skills:
 + Level 1.0 Fighting
 + Level 0.4 Polearms
 + Level 2.8 Dodging
 + Level 1.9 Stealth
 + Level 3.0 Spellcasting
 + Level 5.8 Summonings


You had 3 spell levels left.
You knew the following spells:

 Your Spells              Type           Power      Damage    Failure   Level
a - Summon Small Mammal   Summ           84%        N/A       1%          1
b - Call Imp              Summ           42%        N/A       2%          2
c - Call Canine Familiar  Summ           21%        N/A       5%          3

Your spell library contained the following spells:

 Spells                   Type           Power      Damage    Failure   Level
 Summon Guardian Golem    Hex/Summ       11%        N/A       17%         3
 Apportation              Tloc           4%         N/A       19%         1
 Vhi's Electric Charge    Tloc/Air       4%         N/A       50%         3
 Summon Lightning Spire   Summ/Air       11%        N/A       50%         4
 Alistair's Intoxication  Tmut/Pois      1%         N/A       99%         5
 Arcjolt                  Conj/Air       1%         1d11      99%         5
 Plasma Beam              Fire/Air       1%         2x1d12    100%        6


Dungeon Overview and Level Annotations

Branches:
Dungeon (3/15)

Altars:

Annotations:
D:3 Ijyb


Innate Abilities, Weirdness & Mutations

You are amphibious.
You cover ground slowly.
You can hop short distances.
You have an extended range of vision and can be seen from far away.


Message History

You reach to attack!
You hit Ijyb but do no damage.
Ijyb is moderately wounded.
Ijyb zaps a wand.
The roots erupt in riotous growth!
The grasping roots grab you! The grasping roots constrict you.
Your hound closely misses Ijyb.
Your rat bites Ijyb.
The grasping roots constrict you.
Your hound bites Ijyb.
You hit Ijyb but do no damage.
Ijyb is moderately wounded.
Your hound bites Ijyb but does no damage.
Your rat bites Ijyb but does no damage.
Ijyb hits you with a +0 club. The grasping roots constrict you!
* * * LOW HITPOINT WARNING * * *
The grasping roots release their grip on you.
Hop to where?
Press: ? - help, Dir - move target, p - Ijyb Boing!
Your hound bites Ijyb but does no damage.
Your rat bites Ijyb but does no damage.
Your hound bites Ijyb but does no damage.
Casting: Call Canine Familiar (dangerous; 5% risk of failure)
Confirm with . or Enter, or press ? or * to list all spells.
A tiny devil pulls itself out of the air.
You swap places.
Your hound bites Ijyb but does no damage.
Ijyb zaps a wand.
The roots erupt in riotous growth!
The grasping roots grab you! Roots grab your cerulean imp.
The grasping roots constrict your cerulean imp.
The grasping roots constrict you.
* * * LOW HITPOINT WARNING * * *
Your cerulean imp hits Ijyb with a -2 spear.
You are too injured to fight recklessly!
Reach: c) +0 spear
Press: ? - help, Dir - move target, f - Ijyb
Aim: Ijyb, wielding a +0 club, wearing a +2 chain mail of poison resistance and carrying a wand of roots (3) (heavily wounded, ally target, about 41% to evade your +0 spear)
You could not reach far enough!
Your hound bites Ijyb but does no damage.
Your rat barely misses Ijyb.
The grasping roots constrict your cerulean imp.
The grasping roots constrict you.
You die...

.##..###..............##.####
......#...#####.##.##.......#####
###.......# #.##.#####.##......
#.......# #.##.......########
#.#.###.# #.########## #
#.......# #..### ## ##...####
##...########### #. #...#
##....)##...>...# #.
####...#######..@....#.......# #.
...........##..5g............# #.
.............................# #.
...........##..hr............# #.
####...#######.......#.......# #.
#...# #......##.......# #. #...#
#.#....########## #. #...#
#.##.#.###### #. ##.##
#.##........#######.


You could see Ijyb (ally target), a friendly hound (summoned), a friendly
cerulean imp (summoned, rooted) and a friendly rat (summoned).

Vanquished Creatures
  A worm (D:2)
  A dart slug (D:1)
  A ball python (D:1)
  An endoplasm (D:1)
  A goblin (D:1)
  A hobgoblin (D:1)
  2 jackals
  2 quokkas (D:2)
  3 bats
  3 rats
16 creatures vanquished.

Vanquished Creatures (collateral kills)
  An adder (D:2)
  3 worms
  A dart slug (D:1)
  4 ball pythons
  3 bats
  3 endoplasms
  A giant cockroach (D:2)
  4 goblins
  6 hobgoblins
  6 jackals
  A kobold (D:1)
  2 quokkas (D:2)
  A rat (D:2)
36 creatures vanquished.

Grand Total: 52 creatures vanquished

Notes
Turn   | Place    | Note
-------+----------+-------------------------------------------
     0 | D:1      | tish the Barachi Summoner began the quest for the Orb.
     0 | D:1      | Reached XP level 1. HP: 13/13 MP: 3/3
     3 | D:1      | Found a faded altar of an unknown god.
    96 | D:1      | Reached skill level 5 in Summonings
   116 | D:1      | Reached XP level 2. HP: 19/19 MP: 3/5
   228 | D:1      | Learned a level 2 spell: Call Imp
   403 | D:1      | Reached XP level 3. HP: 24/24 MP: 4/6
   935 | D:2      | Learned a level 3 spell: Call Canine Familiar
  1058 | D:2      | Identified the scarf of Sepop {+Inv, rC+}
  1192 | D:2      | Reached skill level 1 in Fighting
  1192 | D:2      | Reached XP level 4. HP: 26/32 MP: 3/8
  2103 | D:3      | Noticed Ijyb
  2376 | D:3      | HP: 1/32 [constriction (4)]
  2377 | D:3      | Constricted to death by Ijyb

Illustrated notes

Levels and vault maps discovered:
D:1:      dpeg_arrival_simpleton_c, layout_loops_cross,
          ebering_ecumenical_altar_mist, minmay_misc_feat_plants,
          amcnicky_mini_pool_small, minmay_pentomino_x2
D:2:      minmay_angry_zag, layout_rooms, minmay_strange_pillars
D:3:      layout_loops_cross, fedhas_altar_2, uniq_ijyb

Skill      XL: |  1  2  3  4 |
---------------+-------------+-----
Summonings     | 5 |  5.8
Fighting       | 1 |  1.0
Spellcasting   | 3 |  3.0
Polearms       | |  0.4
Dodging        | |  2.8
Stealth        | |  1.9

Action                     |  1- 3 |  4- 6 || total
---------------------------+-------+-------++-------
  Melee: Spear             |    70 |    24 ||    94
         Unarmed           |     3 |       ||     3
   Cast: Summon Small Mamm |    19 |     4 ||    23
         Call Imp          |     8 |     7 ||    15
         Call Canine Famil |     1 |     2 ||     3
Ability: Hop               |       |     1 ||     1
    Use: Scroll            |     2 |     1 ||     3
   Stab: Sleeping          |     1 |     2 ||     3
 Armour: Robe              |    14 |       ||    14
  Dodge: Dodged            |    49 |     5 ||    54
